 Dungeon Crawl Stone Soup version 0.24-a0-235-g3f03afcf10 (webtiles) character file.

Game seed: 11254809612558408830

94 HAL9000 the Sneak (level 4, 0/23 HPs)
             Began as a Vine Stalker Assassin on Apr 5, 2019.
             Killed by divine providence
             ... invoked by an orc priest
              (11 damage)
             ... on level 3 of the Dungeon.
             The game lasted 00:04:10 (2050 turns).

HAL9000 the Sneak (Vine Stalker Assassin)           Turns: 2050, Time: 00:04:11

Health: 0/23       AC:  3    Str: 14    XL:     4   Next: 63%
Magic:  0/5        EV: 11    Int: 11    God:
Gold:   82         SH:  0    Dex: 16    Spells: 3/3 levels left

rFire    . . .     SeeInvis .   a - +2 dagger
rCold    . . .     Gourm    .   (no shield)
rNeg     . . .     Faith    .   c - +0 robe
rPois    .         Spirit   +   (no helmet)
rElec    .         Reflect  .   d - +0 cloak
rCorr    .         Harm     .   (no gloves)
MR       .....                  (no boots)
Stlth    +++.......             (no amulet)
HPRegen  0.47/turn              (no ring)
MPRegen  0.09/turn              (no ring)

@: no status effects
A: fangs 2, regeneration 1, magic shield, antimagic bite, no potion heal 3, rot
immunity
a: no special abilities


You were on level 3 of the Dungeon.
You were hungry.

You visited 1 branch of the dungeon, and saw 3 of its levels.

You collected 82 gold pieces.

Inventory:

Hand Weapons
 a - a +2 dagger (weapon)
 b - a +0 blowgun
Missiles
 e - 26 poisoned needles
 f - 2 curare-tipped needles
Armour
 c - a +0 robe (worn)
 d - a +0 cloak (worn)
 p - a +0 leather armour
Scrolls
 i - a scroll of enchant weapon {unknown}
 j - a scroll of amnesia {unknown}
 k - 3 scrolls of remove curse {unknown}
 o - 2 scrolls of teleportation {unknown}
 r - 2 scrolls of immolation {unknown}
 s - a scroll of enchant armour {unknown}
Potions
 h - a potion of brilliance {unknown}
 l - a potion of ambrosia {unknown}
 m - a potion of agility {unknown}
 n - a potion of haste
 q - 4 potions of lignification {unknown}
 t - a potion of magic {unknown}
 u - 2 potions of mutation {unknown}
Comestibles
 g - 5 rations
 v - 3 chunks of flesh


   Skills:
 - Level 1.7 Fighting
 + Level 4.3 Short Blades
 - Level 1.7 Throwing
 - Level 0.7 Dodging
 - Level 4.8 Stealth


You had 3 spell levels left.
You didn't know any spells.
Your spell library was empty.

Dungeon Overview and Level Annotations

Branches:
Dungeon (3/15)

Altars:
Qazlal


Innate Abilities, Weirdness & Mutations

You have extremely sharp teeth.
Your natural rate of healing is unusually fast.
When hurt, damage is shared between your health and your magic reserves.
Your bite disrupts and absorbs the magic of your enemies.
Potions cannot restore your health.
You are immune to rotting.


Message History

You closely miss the bat. Your bite misses the bat.
The bat is moderately wounded.
The bat closely misses you. The bat closely misses you.
You hit the bat.
You kill the bat!
An orc comes into view. It is wielding a +0 club.
You are feeling hungry.
An orc comes into view.
Found a scroll labeled YXKEYFOJONN.
An orc priest comes into view. It is wielding a +0 hand axe.
The orc shouts! x2; The orc priest shouts!
The orc priest invokes the aid of Beogh against you.
Pain shoots through your body!
Unknown command.
The orc priest mumbles some strange prayers to Beogh against you.
Beogh smites you!
The orc priest calls down the wrath of Beogh upon you.
Beogh smites you!
You die...

....###..##....
#.....o......
#####oo##....
#######..# .
.........# .......#.#
######.#.# ...#.###
###.#.@.#############
#......#....##.......#
..##.#...##.##.#####.#
#....###.##.# #.#
#..........[# #.#
........###.##.# #.#
####.#.## #.##.#####.#
.# # #.#.
#.##.......## ..#.. #
.. ..#.....<...#


You could see an orc priest and 2 orcs.

Vanquished Creatures
  5 adders
  A worm (D:3)
  2 dart slugs
  2 leopard geckos (D:2)
  A ball python (D:1)
  5 bats
  4 giant cockroaches
  6 goblins
  4 hobgoblins
  4 frilled lizards
  3 kobolds
  6 rats
43 creatures vanquished.

Notes
Turn   | Place    | Note
-------+----------+-------------------------------------------
     0 | D:1      | HAL9000 the Vine Stalker Assassin began the quest for the
                  | Orb.
     0 | D:1      | Reached XP level 1. HP: 11/11 MP: 2/2
   177 | D:1      | Reached XP level 2. HP: 15/15 MP: 3/3
   306 | D:1      | You fall through a shaft!
   521 | D:1      | Reached XP level 3. HP: 11/18 MP: 4/4
   886 | D:1      | Found a stormy altar of Qazlal.
  1436 | D:2      | Gained mutation: Your natural rate of healing is unusually
                  | fast. [Vine Stalker growth]
  1436 | D:2      | Reached XP level 4. HP: 4/23 MP: 3/5
  2050 | D:3      | Killed from afar by an orc priest

Levels and vault maps discovered:
D:1:      saegor_arrival_miasma, layout_basic, minmay_hexomino_r4
D:2:      layout_rooms, minmay_misc_feat_room
D:3:      layout_loops_corners, uniq_sigmund

Skill      XL: |  1  2  3  4 |
---------------+-------------+-----
Short Blades   | 2 3 4 |  4.3
Fighting       | |  1.7
Throwing       | |  1.7
Dodging        | |  0.7
Stealth        | |  4.8

Action                   |  1- 3 |  4- 6 || total
-------------------------+-------+-------++-------
Melee: Dagger            |    90 |    47 ||   137
       Bite              |    19 |     9 ||    28
 Fire: Blowgun           |     4 |     2 ||     6
  Use: Potion            |       |     3 ||     3
 Stab: Sleeping          |     6 |     1 ||     7
  Eat: Chunk             |     2 |     1 ||     3
Armor: Robe              |    12 |     8 ||    20
Dodge: Dodged            |    43 |    25 ||    68

Table legend:
 A = Non-vault XP
 B = Vault XP
 C = Vault XP percentage of total XP
 D = Non-vault monster count
 E = Vault monster count
 F = Vault count percentage of total count
                 A         B        C        D         E       F
            +---------+---------+-------+---------+---------+-------
      Total |     127 |       8 |   5.9 |      38 |       5 |  11.6
            +---------+---------+-------+---------+---------+-------
        D:1 |      34 |       8 |  19.0 |      15 |       5 |  25.0
        D:2 |      73 |       0 |   0.0 |      20 |       0 |   0.0
        D:3 |      20 |       0 |   0.0 |       3 |       0 |   0.0
            +---------+---------+-------+---------+---------+-------
